 Dungeon Crawl Stone Soup version 0.30-a0-613-gdd512c7efb (webtiles) character file.

Game seed: 3648783212519425029

26 bmack86 the Trooper (level 2, -6/26 (27) HPs)
             Began as a Minotaur Fighter on Jan 8, 2023.
             Mangled by a gnoll
             ... wielding a +2 spear of venom
              (8 damage)
             ... on level 2 of the Dungeon.
             The game lasted 00:02:26 (916 turns).

bmack86 the Trooper (Minotaur Fighter)               Turns: 916, Time: 00:02:26

HP:   -6/26 (27)    AC:  7    Str: 20    XL:     2   Next: 89%
MP:   1/1           EV:  9    Int:  5    God:
Gold: 34            SH:  4    Dex:  9    Spells: 1/1 levels left

rFire   . . .      SeeInvis .    a - +0 war axe
rCold   . . .      Faith    .    c - +0 buckler
rNeg    . . .      Spirit   .    b - +0 scale mail
rPois   .          Reflect  .    (helmet restricted)
rElec   .          Harm     .    (no cloak)
rCorr   .          Rampage  .    (no gloves)
Will    .....                    (no boots) Stlth
                                 (no amulet)
HPRegen 0.24/turn                (no ring)
MPRegen 0.07/turn                (no ring)

@: lightly drained
A: horns 2, retaliatory headbutt
a: no special abilities


You were on level 2 of the Dungeon.
You visited 1 branch of the dungeon, and saw 2 of its levels.

You collected 34 gold pieces.

Inventory:

Hand Weapons
 a - a +0 war axe (weapon)
Armour
 b - a +0 scale mail (worn)
 c - a +0 buckler (worn)
Potions
 d - a potion of might
 e - a potion of curing {unknown}
 f - 2 potions of brilliance {unknown}
 g - a potion of attraction {unknown}
 h - 2 potions of cancellation {unknown}
 i - a potion of degeneration {unknown}
 j - a potion of heal wounds {unknown}


   Skills:
 * Level 4.2 Fighting
 * Level 3.1 Axes
 + Level 3.9 Armour
 + Level 3.8 Shields


You had one spell level left.
You didn't know any spells.
Your spell library contained the following spells:

 Spells                   Type           Power      Damage    Failure   Level
 Freeze                   Ice            0%         1d3       89%         1
 Frozen Ramparts          Ice            0%         1d1       99%         3
 Hailstorm                Conj/Ice       0%         3d3       99%         3


Dungeon Overview and Level Annotations

Branches:
Dungeon (2/15)

Altars:


Innate Abilities, Weirdness & Mutations

You have a pair of horns on your head.
You reflexively headbutt those who attack you in melee.


Message History

You now have 34 gold pieces (gained 8).
You open the door.
There is an open door here.
i - a bubbling emerald potion You open the door.
There is an open door here.
Found a stone staircase leading down.
A rat and 3 gnolls come into view.
A gnoll is wielding a +2 spear of venom.
A gnoll is wielding a +1 flail of draining.
The gnoll shouts! x3; You hear a shout!
A gnoll comes into view. It is wielding a +0 spear.
The gnoll moves out of view. x2
The gnoll shouts!
You hit the gnoll.
The gnoll is heavily wounded.
The gnoll hits you but does no damage.
The gnoll hits you with a +1 flail of draining.
You feel drained.
The gnoll hits you with a +1 flail of draining.
You feel drained.
You completely miss the gnoll. Your headbutt misses the gnoll.
The gnoll is heavily wounded.
The gnoll hits you with a +1 flail of draining!
* * * LOW HITPOINT WARNING * * *
You feel drained.
* * * LOW HITPOINT WARNING * * *
The gnoll barely misses you.
You hit the gnoll.
The gnoll is almost dead.
The gnoll misses you. You furiously retaliate!
You headbutt the gnoll!
You kill the gnoll!
You block the gnoll's attack.
Your Axes skill increases to level 3!
You block the gnoll's attack. The gnoll completely misses you.
You see here a +1 flail of draining.
You hit the gnoll.
The gnoll is moderately wounded.
You closely miss the rat. The gnoll closely misses you.
The gnoll hits you with a +2 spear of venom!
You die...

......# #..
......##+#### #.#
............# #.#
.####.......# #.# #
#.......# #.###.#
#######'#######.>...#
#.......# #...#
#.###########.#r#
#.##..........#@#
#....##########g#
###### #g. .... ....#
.###.# . .# #. ##


You could see 2 gnolls and a rat.

Vanquished Creatures
  A gnoll (D:2)
  A bat (D:1)
  A giant cockroach (D:1)
  5 hobgoblins (D:1)
  A quokka (D:1)
  3 ball pythons
  2 frilled lizards (D:1)
  2 rats (D:1)
16 creatures vanquished.

Notes
Turn   | Place    | Note
-------+----------+-------------------------------------------
     0 | D:1      | bmack86 the Minotaur Fighter began the quest for the Orb.
     0 | D:1      | Reached XP level 1. HP: 19/19 MP: 0/0
   339 | D:1      | Reached XP level 2. HP: 27/27 MP: 1/1
   394 | D:1      | Reached skill level 4 in Fighting
   913 | D:2      | HP: 1/24 [gnoll/+1 flail of draining (5)]
   916 | D:2      | Mangled by a gnoll

Illustrated notes

Levels and vault maps discovered:
D:1:      co_arrival_random_square_maze, layout_loops_ring
D:2:      layout_basic, hangedman_feature_mirror

Skill      XL: |  1  2 |
---------------+-------+-----
Fighting       | 4 |  4.2
Axes           | 3 |  3.1
Armour         | |  3.9
Shields        | |  3.8

Action                   || total
-------------------------++-------
Melee: War axe           ||    39
       Headbutt          ||     3
  Use: Scroll            ||     1
Armor: Scale mail        ||    13
Dodge: Dodged            ||    25
Block: Buckler           ||    13

Table legend: (Time is in decaauts)
 A = Elapsed time spent in this place.
 B = Non-inter-level travel time spent in this place.
 C = Inter-level travel time spent in this place.
 D = Time resting spent in this place.
 E = Time spent auto-exploring this place.
 F = Levels seen in this place.
 G = Mean time per level.
                   A        B        C        D        E       F      G
               +--------+--------+--------+--------+--------+-----+--------+
         Total |    930 |    880 |     50 |      0 |    702 |   2 |  465.0 |
       Dungeon |    930 |    880 |     50 |      0 |    702 |   2 |  465.0 |
               +--------+--------+--------+--------+--------+-----+--------+

Top non-repeatable levels by time:
     D:1: 849 daAuts
     D:2: 81 daAuts
